 Dungeon Crawl Stone Soup version 0.17-a0-1115-g0372368 (webtiles) character file.

257 MrBudgens the Conjurer (level 6, -3/42 HPs)
             Began as a Human Conjurer on May 16, 2015.
             Slain by a worker ant (4 damage)
             ... on level 4 of the Dungeon on May 23, 2015.
             The game lasted 00:28:35 (2753 turns).

MrBudgens the Conjurer (Human Conjurer)             Turns: 2753, Time: 00:28:36

Health: -3/42      AC:  2    Str:  8    XL:     6   Next: 39%
Magic:  4/10       EV: 16    Int: 23    God:
Gold:   114        SH:  0    Dex: 13    Spells: 3 memorised, 3 levels left

rFire  . . .     SeeInvis .     b - -1 blowgun (curse)
rCold  . . .     Clarity  .     d - +0 robe
rNeg   . . .     SustAt   .     (no shield)
rPois  .         Gourm    .     (no helmet)
rElec  .         Spirit   .     (no cloak)
rCorr  .         Warding  .     (no gloves)
rMut   .         Stasis   .     (no boots)
MR     .....                    (no amulet)
Stlth  ++........               (no ring)
                                e - +3 ring of evasion

@: brilliant, lethally poisoned (-3 -> -26), not resistant to hostile
enchantments, unstealthy
A: no striking features
a: no special abilities


You were on level 4 of the Dungeon.
You were near starving.

You visited 1 branch of the dungeon, and saw 4 of its levels.

You collected 114 gold pieces.

Inventory:

Hand weapons
 a - a +0 dagger of protection
 b - a cursed -1 blowgun (weapon)
 k - a +2 dagger of draining
Missiles
 g - a throwing net
 i - 8 poisoned needles (quivered)
Armour
 d - a +0 robe (worn)
Jewellery
 e - a +3 ring of evasion (left hand)
Magical devices
 m - a wand of magic darts (31)
Potions
 l - a potion of brilliance
Books
 h - a book of Conjurations

   Spells                             Type                      Level
   a - Magic Dart                     Conjuration                  1
   b - Searing Ray                    Conjuration                  2
   c - Dazzling Spray                 Conjuration/Hexes            3
   d - Fulminant Prism                Conjuration/Hexes            4
   e - Iskenderun's Mystic Blast      Conjuration                  4
   f - Iskenderun's Battlesphere      Conjuration/Charms           5
Comestibles
 c - a bread ration
 f - 3 chunks of flesh
 j - a meat ration


   Skills:
 + Level 0.8 Fighting
 + Level 1.0 Short Blades
 + Level 3.6 Dodging
 + Level 3.3 Stealth
 + Level 0.2 Unarmed Combat
 + Level 2.6 Spellcasting
 + Level 5.2 Conjurations


You had 3 spell levels left.
You knew the following spells:

 Your Spells              Type           Power        Failure   Level  Hunger
a - Magic Dart            Conj           ####         1%          1    None
b - Searing Ray           Conj           #####.       1%          2    ##.....
c - Iskenderun's Mystic   Conj           #####...     2%          4    ####...


Dungeon Overview and Level Annotations

Branches:
Dungeon (4/15)
 Temple: D:4-7

Altars:

Annotations:
D:3 Terence
D:4 HEYYEYAAE's ghost, experienced OpFi


Message History

The scorpion poisons you! The worker ant closely misses you.
Drink which item? (? for menu, Esc to quit)
You feel clever all of a sudden.
* * * LOW HITPOINT WARNING * * *
You feel sick. HEYYEYAAE's ghost hits you.
* * * LOW HITPOINT WARNING * * *
HEYYEYAAE's ghost burns you.
* * * LOW HITPOINT WARNING * * *
The scorpion completely misses you. The worker ant misses you.
Casting: Searing Ray
Confirm with . or Enter, or press ? or * to list all spells.
Aiming: Iskenderun's Mystic Blast
Press: ? - help, Shift-Dir - straight line, f/p - HEYYEYAAE's ghost
Aim: HEYYEYAAE's ghost, wielding a weapon of flaming The orb of energy hits HEYYEYAAE's ghost.
HEYYEYAAE's ghost is moderately damaged.
You are near starving!
* * * LOW HITPOINT WARNING * * *
You feel sick. The worker ant bites you.
You die...

,* *,**,,..* #.######## #.# ,*
*,**,,..#* #.# ******#+#* ,*
*,,,,,...######.## *,,,,,,,,*
,* *****,...........#
*,,,,,,,,*
,***,,,+,.......(...#
*,,,,,,,,,
,,,,,,**,...........#
***#######
,,,,,,**,...........# #......
,,,,,,**,..[...aWs..# #.#####
,,,,,,**,.......@...# #.#,,,,
,,,,,,,+,...........# #.#,*,,
********,.?.........# #.#,,,,
*,...........# #.#**,*
*,...........# #.#**,,
*,...........# #.#,,,,
##################### #.#,***
#........##################.#,*
#...............)...........#,*


You could see a scorpion, a worker ant and HEYYEYAAE's ghost.

Vanquished Creatures
  A scorpion (D:4)
  A hound (D:4)
  A worker ant (D:4)
  Robin (D:3)
  7 adders
  A gnoll (D:1)
  2 worms
  A giant gecko (D:3)
  An orc (D:4)
  2 ball pythons (D:2)
  A bat skeleton (D:4)
  3 giant cockroaches
  8 goblins
  9 hobgoblins
  7 jackals
  2 quokkas
  3 bats
  3 giant newts
  5 kobolds
  4 rats (D:1)
63 creatures vanquished.

Notes
Turn   | Place    | Note
--------------------------------------------------------------
     0 | D:1      | MrBudgens the Human Conjurer began the quest for the Orb.
     0 | D:1      | Reached XP level 1. HP: 13/13 MP: 3/3
   346 | D:1      | Reached XP level 2. HP: 16/19 MP: 1/5
   350 | D:1      | Learned a level 2 spell: Searing Ray
   764 | D:1      | Reached XP level 3. HP: 24/24 MP: 1/6
   975 | D:2      | Reached XP level 4. HP: 20/30 MP: 0/7
  1068 | D:3      | Upgraded the game from 0.17-a0-1056-g838d5c0 to 0.17-a0-1115-g0372368
  1255 | D:3      | Noticed Terence
  1515 | D:2      | Reached XP level 5. HP: 36/36 MP: 4/8
  1740 | D:3      | Learned a level 4 spell: Iskenderun's Mystic Blast
  1754 | D:3      | Noticed Robin
  1762 | D:3      | Killed Robin
  1920 | D:3      | Reached skill level 5 in Conjurations
  2274 | D:4      | Reached skill level 1 in Short Blades
  2274 | D:4      | Reached XP level 6. HP: 16/42 MP: 0/9
  2728 | D:4      | Noticed HEYYEYAAE's ghost (experienced OpFi)
  2753 | D:4      | HP: 1/42 [poisoned by a scorpion]
  2753 | D:4      | Slain by a worker ant

Vault maps used:
D:1:      dpeg_chamrin_arrival_tetris
D:3:      uniq_grinder, uniq_jessica, uniq_terence, uniq_robin
D:4:      first_bread

Action                   |  1- 3 |  4- 6 || total
-------------------------+-------+-------++-------
Melee: Unarmed           |    14 |       ||    14
       Dagger            |    19 |   106 ||   125
 Cast: Magic Dart        |    27 |    34 ||    61
       Searing Ray       |     4 |    11 ||    15
       Iskenderun's Myst |       |     3 ||     3
Evoke: Wand              |       |     1 ||     1
  Use: Potion            |     1 |     3 ||     4
       Scroll            |       |     5 ||     5
 Stab: Distracted        |     1 |       ||     1
       Sleeping          |       |     1 ||     1
  Eat: Chunk             |     1 |     4 ||     5
       Pizza             |       |     1 ||     1
